 BcadrenCrawl: Boulder Brew version 0.03.3.1-25-g7b9318e587 (webtiles) character file.

Game seed: 66648915831402829, levelgen mode: deterministic

532 Chiseanne the Ducker (level 7, -2/50 HPs) Goblin Demonspawn. Began on Mar 18, 2021. Slain by a scorpion (7 damage) ... on level 3 of the Dungeon. The game lasted 00:04:43 (1450 turns).

Chiseanne the Ducker (Goblin Demonspawn)            Turns: 1450, Time: 00:04:43

Health: -2/50      AC:  8    Str:  8    XL:     7 ^: 248
Magic:  8/8        EV: 13    Int:  6    God:
Gold:   30         SH:  2    Dex:  6    Spells: 7/8 levels left

rFire    . . .     Vision   .   a - +0 rapier (molten)
rCold    . . .     Gourm    .   g - +1 buckler {AC+3}
rNeg     . . .     Faith    .   h - +0 ring mail
rPois    .         Spirit   .   (no helmet)
rElec    .         Reflect  .   (no cloak)
rCorr    .         Harm     .   (no gloves)
MR       .....                  (no boots)
Stlth    +.........             (no amulet)
HPRegen  0.26/turn              (no ring)
MPRegen  0.18/turn              (no ring)

@: lethally poisoned (-2 -> -10)
A: small, stagnant stats, goblin's greed, talons 2, low mp 1, mutation
resistance 1, powered by death 1, god's pity 2
a: no special abilities


You were on level 3 of the Dungeon.
You were not hungry.

You visited 1 branch of the dungeon, and saw 3 of its levels.

You collected 24 gold pieces.

Inventory:

Weapons
 a - a +0 rapier of molten steel (weapon)
 i - a +0 short sword of protection
 w - a +0 hand crossbow Shields
 g - a +1 buckler of protection (shield)
Armour
 h - a +0 ring mail (worn)
Scrolls
 b - a scroll of fear
 e - a scroll of immolation
 f - 2 scrolls of bless item
Comestibles
 c - a chunk of flesh
 d - 2 rations


   Skills:
 * Level 5.2 Fighting
 - Level 2.6 Short Blades
 * Level 4.2 Armour
 * Level 6.5 Dodging
 - Level 2.6 Stealth
 * Level 2.1 Shields
 - Level 1.3 Spellcasting
 - Level 2.6 Fire Magic
   Level 4.0 Invocations


You had 7 spell levels left.
You knew the following spells:

 Your Spells              Type           Power        Failure   Level  Hunger
a - Flame Tongue          Fire           3 (30)       32%         1    ##.....

Your spell library contained the following spells:

 Spells                   Type           Power        Failure   Level  Hunger
 Conjure Flame            Fire           3 (100)      69%         3    ####...
 Blink                    Tloc           N/A          83%         2    ###....
 Call Imp                 Summ           0 (100)      83%         2    ###....
 Slow                     Hex            0 (100)      83%         2    ###....
 Mephitic Cloud           Pois/Air       0 (100)      96%         3    ####...


Dungeon Overview and Level Annotations

Branches:
Dungeon (3/8)

Altars:


Innate Abilities, Weirdness & Mutations

Your stats never grow through leveling.
Your goblin ancestry allows you to find more gold. (+20%)
You are small and have problems with some larger weapons.
You have razor-sharp toenails.
Your magical capacity is low. (-10% MP)
You are somewhat resistant to further mutation.
You regenerate a little health from kills.
The pity of the gods increases the power of your passive and invoked divine abilities.


Message History

You are lethally poisoned!
The scorpion poisons you (19)!!
You hit the scorpion (4). You burn the scorpion (4).
* * * LOW HITPOINT WARNING * * *
You feel sick. (2)
The scorpion pinches you but does no damage.
The scorpion pinches you (1).
* * * LOW HITPOINT WARNING * * *
The scorpion bites you but does no damage.
The scorpion stings you (2).
* * * LOW HITPOINT WARNING * * *
You hear a shout!
You barely miss the scorpion.
* * * LOW HITPOINT WARNING * * *
You feel sick. (1)
The scorpion barely misses you (0).
The scorpion pinches you but does no damage.
The scorpion bites you but does no damage.
The scorpion stings you (7)!
You die...

.. .... ... ...# ..
....# #.# ....#
+#######.####..?.##
#.....#............
#.....#..........#
##.@..#..h.......#
##.s.#.....>......
###.##...........
#†##...........
#.<..h.##....#.
#.......# #####
##.......#
##......# #......#


You could see a scorpion.

Vanquished Creatures
  A scorpion (D:3)
  A big kobold (D:2)
  2 howler monkeys (D:3)
  2 jellies (D:2)
  2 worker ants (D:3)
  3 giant cockroaches
  10 sewer rats
  A cinder newt (D:1)
  An ooze (D:2)
  A dart slug (D:1)
  2 leopard geckos (D:1)
  6 goblins (D:1)
  A hobgoblin (D:1)
  4 bats
  10 kobolds
  2 rats (D:1)
  A slimehead (D:2)
50 creatures vanquished.

Vanquished Creatures (others)
  2 giant cockroaches (D:2)
  2 sewer rats (D:2)
  A worm (D:2)
  A leopard gecko (D:2)
  4 kobolds (D:2)
  A bat (D:2)
  A bat skeleton (D:2)
  A goblin skeleton (D:2)
  A quokka skeleton (D:2)
  7 fungi (D:3)
  A slimehead (D:2)
  85 withered plants (D:2)
107 creatures vanquished.

Grand Total: 157 creatures vanquished

Notes
Turn   | Place    | Note
-------+----------+-------------------------------------------
     0 | D:1      | Chiseanne the Goblin Demonspawn began the quest for the
                  | Orb.
     0 | D:1      | Reached XP level 1. HP: 13/13 MP: 2/2
   109 | D:1      | Gained mutation: You have sharp toenails. [demonic
                  | ancestry]
   109 | D:1      | Reached XP level 2. HP: 19/19 MP: 3/3
   239 | D:1      | Gained mutation: You regenerate a little health from kills.
                  | [demonic ancestry]
   239 | D:1      | Reached XP level 3. HP: 25/25 MP: 4/4
   557 | D:1      | Reached skill level 1 in Armour
   557 | D:1      | Reached skill level 5 in Dodging
   557 | D:1      | Gained mutation: You have razor-sharp toenails. [demonic
                  | ancestry]
   557 | D:1      | Reached XP level 4. HP: 31/31 MP: 5/5
   773 | D:2      | Noticed a big kobold
   788 | D:2      | HP: 1/31 [big kobold/cursed +1 dagger of molten steel
                  | {(Curse: Fragile)} (1)]
   789 | D:2      | Killed a big kobold
   789 | D:2      | Reached XP level 5. HP: 1/37 MP: 6/6
  1010 | D:2      | Reached XP level 6. HP: 43/43 MP: 7/7
  1075 | D:2      | Reached skill level 6 in Dodging
  1086 | D:2      | your +0 short sword of protection protects you from harm!
  1096 | D:2      | your +0 short sword of protection protects you from harm!
  1285 | D:2      | your +0 short sword of protection protects you from harm!
  1366 | D:3      | Noticed a scorpion
  1377 | D:3      | Reached skill level 1 in Shields
  1377 | D:3      | Reached XP level 7. HP: 25/49 MP: 8/8
  1393 | D:3      | Reached skill level 5 in Fighting
  1450 | D:3      | Slain by a scorpion

Levels and vault maps discovered:
D:1:      minmay_arrival_four_loops, layout_basic, minmay_misc_feat_rows
D:2:      layout_sewer
D:3:      old_forge, layout_gridville, first_ration

Skill      XL: |  1  2  3  4  5  6  7 |
---------------+----------------------+-----
Fighting       | 2 3 4 5 |  5.2
Armour         | 1 2 3 4 |  4.2
Dodging        | 5 6 |  6.5
Shields        | 1 2 |  2.1
Short Blades   | |  2.6
Stealth        | |  2.6
Spellcasting   | |  1.3
Fire Magic     | |  2.6
Invocations    | |  4.0

Action                   |  1- 3 |  4- 6 |  7- 9 || total
-------------------------+-------+-------+-------++-------
Melee: Rapier            |    43 |    72 |    24 ||   139
       Unarmed           |    17 |       |       ||    17
       Kick              |     3 |     3 |     3 ||     9
       Short sword       |     3 |    46 |       ||    49
       Dagger            |     2 |       |       ||     2
 Fire: Hand crossbow     |       |     8 |       ||     8
  Use: Scroll            |     1 |     1 |       ||     2
       Potion            |       |     2 |     1 ||     3
 Stab: Sleeping          |     3 |       |       ||     3
  Eat: Chunk             |       |     2 |       ||     2
Armor: Leather armour    |     1 |       |       ||     1
       Ring mail         |     6 |    34 |    14 ||    54
Dodge: Dodged            |    27 |    82 |    21 ||   130
Block: Buckler           |       |       |     2 ||     2
